Map: King's Cove LE

Players

MoltenSC - Winner!

  • Race: Protoss Protoss
  • League: Master
  • Spawn Location: 5:00

Mez

  • Race: Terran Terran
  • League: Master
  • Spawn Location: 11:00

VOD

Have the link to the VOD?

Description

Time

  • Played on: Aug. 12, 2019, 9:34 a.m.
  • Length: 15:40
Show
View Real Time Build Order
Export as new Build Order

MoltenSC Protoss - Winner!

Build Orders: 1 Gate Expand, Blink Stalkers 

Get SALT Encoding   

  12  0:01  Probe  
  13  0:13  Probe  
  14  0:18  Pylon  
  14  0:25  Probe  
  15  0:35  Probe  
  15  0:36  Gateway  
  16  0:45  Probe  
  16  0:47  Assimilator  
  17  0:56  Probe  
  18  1:08  Probe  
  19  1:20  Probe  
  19  1:23  Cybernetics Core  
  20  1:38  Nexus  
  20  1:45  Pylon  
  20  1:49  Probe  
  20  1:50  Adept  
  20  1:53  Assimilator  
  23  2:03  Warp Gate  
  23  2:06  Probe  
  24  2:11  Stalker  
  24  2:18  Probe  
  27  2:30  Probe  
  28  2:40  Stalker  
  28  2:42  Probe  
  31  2:50  Probe  
  32  2:55  Probe  
  32  2:56  Twilight Council  
  33  3:02  Probe  
  34  3:07  Probe  
  35  3:14  Stalker, Probe  
  35  3:17  Blink  
  38  3:24  Probe x2  
  38  3:31  Gateway  
  38  3:33  Gateway  
  39  3:35  Probe  
  39  3:39  Probe  
  40  3:45  Probe  
  42  3:52  Probe  
  43  3:57  Probe  
  44  4:04  Probe  
  44  4:09  Probe  
  44  4:16  Probe  
  45  4:20  Nexus  
  45  4:24  Robotics Facility, Pylon  
  45  4:28  Probe  
  46  4:35  Pylon  
  46  4:40  Assimilator  
  46  4:42  Probe x2  
  46  4:43  Pylon  
  48  4:47  Pylon  
  48  4:49  Stalker  
  48  4:52  Stalker  
  52  4:54  Probe x2  
  52  4:57  Stalker  
  56  5:04  Probe  
  56  5:06  Probe  
  58  5:08  Forge  
  58  5:12  Probe, Observer  
  59  5:17  Assimilator  
  59  5:18  Stalker, Probe  
  59  5:21  Probe  
  63  5:24  Robotics Bay, Protoss Ground Weapons Level 1  
  64  5:29  Stalker, Probe  
  64  5:30  Probe  
  64  5:34  Sentry  
  64  5:35  Probe  
  71  5:39  Pylon  
  71  5:42  Probe  
  72  5:44  Observer  
  72  5:47  Probe x2  
  75  5:52  Assimilator  
  75  5:54  Probe  
  75  5:55  Pylon  
  75  5:56  Charge  
  76  5:59  Probe  
  76  6:00  Probe  
  76  6:03  Colossus  
  78  6:04  Pylon  
  78  6:06  Probe  
  79  6:12  Extended Thermal Lance, Probe x2  
  87  6:30  Probe  
  87  6:31  Probe  
  89  6:33  Probe  
  89  6:39  Robotics Facility  
  90  6:40  Gateway  
  90  6:43  Probe  
  90  6:44  Stalker x2  
  90  6:46  Stalker  
  97  6:49  Colossus  
  97  6:57  Probe x2  
  105  7:06  Pylon  
  105  7:07  Probe  
  106  7:09  Probe, Gateway  
  106  7:11  Gateway  
  106  7:12  Assimilator  
  106  7:13  Gateway  
  107  7:16  Gateway  
  107  7:19  Zealot  
  107  7:20  Zealot x2, Pylon  
  113  7:23  Probe x2  
  113  7:28  Probe  
  116  7:32  Pylon  
  116  7:35  Probe, Pylon  
  117  7:37  Stargate  
  117  7:47  Protoss Ground Weapons Level 2  
  117  7:48  Disruptor x2  
  117  7:50  Nexus  
  123  7:53  Pylon  
  123  7:59  Zealot x4  
  131  8:05  Probe  
  131  8:06  Probe x2, Pylon  
  131  8:10  Pylon  
  130  8:17  Zealot x2  
  130  8:18  Zealot x2  
  138  8:21  Sentry x3  
  138  8:22  Zealot  
  143  8:48  Stalker x4  
  133  8:49  Stalker x4  
  145  9:06  Probe x2  
  145  9:07  Probe  
  145  9:09  Gateway  
  148  9:10  Gateway  
  148  9:13  Fleet Beacon, Observer, Gateway  
  148  9:15  Gateway  
  148  9:16  Stargate  
  148  9:18  Protoss Air Weapons Level 1  
  148  9:27  Warp Prism  
  148  9:28  Disruptor  
  148  9:29  Stalker x3  
  159  9:44  Observer  
  159  9:55  Stalker x5  
  159  9:56  Stalker  
  159  9:59  Assimilator  
  171  10:02  Assimilator  
  171  10:06  Tempest x2  
  171  10:15  Probe x2  
  183  10:37  Disruptor  
  183  10:42  Observer, Dark Shrine  
  186  10:46  Photon Cannon  
  186  10:48  Photon Cannon  
  186  10:50  Photon Cannon  
  186  10:52  Stargate  
  186  10:57  Protoss Ground Weapons Level 3  
  186  11:00  Nexus  
  186  11:01  Pylon  
  186  11:03  Pylon  
  186  11:06  Assimilator  
  186  11:11  Assimilator  
  186  11:14  Pylon  
  186  11:18  Protoss Air Armor Level 1, Disruptor  
  186  11:19  Tempest  
  194  11:26  Templar Archives, Warp Prism  
  192  11:45  Tempest x2  
  196  11:51  Zealot x2  
  198  12:03  Warp Prism  
  164  12:15  Disruptor  
  167  12:23  Tempest  
  167  12:28  Tempest  
  177  12:32  Probe x3  
  180  12:38  Photon Cannon  
  180  12:39  Disruptor  
  180  12:41  Photon Cannon  
  183  12:45  Photon Cannon  
  183  12:46  Photon Cannon  
  183  12:49  Tempest  
  188  12:56  Dark Templar x5  
  198  13:01  Zealot  
  183  13:32  Stalker x3  
  183  13:33  Stalker x9  
  191  13:36  Tempest x2  
  184  13:44  Disruptor x2  
  186  14:11  Tempest  
  191  14:18  Tempest  
  191  14:19  Disruptor  
  163  14:49  Stalker  
  163  14:50  Stalker x8  
  163  14:51  Stalker  
  146  15:17  Zealot x5  
  146  15:18  Zealot x2  
  135  15:25  Stalker x3  
  135  15:26  Stalker x2  
Show
View Real Time Build Order
Export as new Build Order

Mez Terran 

Build Orders: Reaper Expand 

Get SALT Encoding   

  12  0:00  SCV  
  13  0:13  SCV  
  14  0:18  Supply Depot  
  14  0:25  SCV  
  15  0:40  SCV  
  15  0:41  Barracks  
  16  0:47  Refinery  
  16  0:52  SCV  
  17  1:05  SCV  
  18  1:17  SCV  
  19  1:29  Reaper  
  19  1:30  Orbital Command  
  20  1:43  Command Center  
  20  1:49  Bunker  
  20  1:56  SCV  
  21  2:07  Supply Depot  
  21  2:10  Barracks Reactor  
  21  2:11  SCV  
  22  2:23  SCV  
  23  2:36  Command Center  
  23  2:41  Factory  
  23  2:43  SCV  
  24  2:47  Marine  
  24  2:48  Marine  
  26  2:55  SCV  
  27  3:00  Orbital Command  
  26  3:08  SCV  
  26  3:09  Refinery  
  26  3:10  Marine  
  28  3:13  Marine  
  29  3:26  SCV  
  29  3:27  Widow Mine  
  29  3:28  SCV  
  29  3:30  Starport  
  32  3:39  SCV  
  32  3:40  SCV, Marine  
  32  3:41  Marine  
  36  3:51  Orbital Command  
  36  3:52  Widow Mine  
  36  3:53  SCV  
  36  3:54  SCV  
  40  4:05  SCV  
  40  4:06  Marine x2  
  43  4:12  SCV  
  43  4:16  Supply Depot  
  44  4:17  SCV  
  44  4:22  Factory Tech Lab  
  44  4:23  Starport Tech Lab  
  45  4:25  SCV x2  
  45  4:28  Refinery, Marine  
  45  4:29  Marine  
  49  4:35  SCV  
  49  4:37  SCV  
  51  4:42  Siege Tank  
  51  4:44  Raven  
  56  4:46  Supply Depot  
  56  4:47  SCV x2  
  56  4:51  Barracks  
  58  4:54  Barracks  
  58  4:56  SCV  
  58  4:59  SCV  
  60  5:01  SCV  
  60  5:02  Refinery  
  60  5:05  Marine  
  60  5:06  Marine  
  63  5:08  SCV  
  63  5:11  SCV  
  63  5:13  SCV  
  66  5:15  Supply Depot  
  66  5:17  Siege Tank, Supply Depot  
  66  5:21  SCV  
  70  5:23  SCV  
  71  5:31  Engineering Bay  
  71  5:32  Engineering Bay  
  71  5:33  SCV  
  71  5:34  SCV  
  73  5:39  Starport Reactor  
  73  5:43  SCV  
  73  5:45  Marine  
  73  5:46  SCV  
  76  5:51  SCV  
  76  5:56  SCV, Barracks  
  78  5:57  Stimpack, Combat Shield, Factory Reactor  
  78  5:58  SCV  
  78  5:59  Marine, Barracks, Marauder x2  
  78  6:01  Orbital Command  
  78  6:03  Marine  
  85  6:05  SCV  
  85  6:21  SCV  
  86  6:27  SCV  
  86  6:28  SCV  
  86  6:29  Marine, Marauder x2  
  86  6:31  Terran Infantry Armor Level 1, Terran Infantry Weapons Level 1  
  93  6:33  Supply Depot  
  93  6:36  Supply Depot  
  93  6:38  Supply Depot  
  93  6:41  Refinery, Supply Depot  
  93  6:43  Supply Depot  
  93  6:45  Barracks Reactor  
  93  6:46  Barracks Tech Lab  
  93  6:54  SCV x3, Marine, Medivac x2  
  93  6:58  Widow Mine x2  
  93  7:00  Supply Depot  
  105  7:03  Supply Depot  
  105  7:10  Supply Depot  
  105  7:12  Marine x2, Marauder x3  
  113  7:16  SCV x2, Supply Depot  
  113  7:17  SCV  
  113  7:22  Concussive Shells  
  116  7:23  Marine x2  
  116  7:25  Medivac x2  
  116  7:28  SCV  
  116  7:29  Armory  
  123  7:31  SCV x2  
  123  7:33  Marauder, Supply Depot  
  121  7:49  Marine x3, Marauder  
  121  7:50  Marauder  
  130  7:57  Starport  
  128  7:59  Ghost Academy  
  128  8:05  Marine, Marauder  
  131  8:07  Marine x2  
  131  8:09  Refinery  
  131  8:10  Command Center  
  131  8:11  Marauder, Supply Depot  
  131  8:12  Supply Depot  
  132  8:17  Marine  
  132  8:18  Marauder  
  133  8:23  Marine  
  136  8:27  Marauder  
  136  8:29  Marine  
  136  8:32  Marauder  
  139  8:37  Liberator  
  139  8:39  Marauder  
  137  8:47  Marine x3  
  129  8:48  Marauder  
  129  8:50  Marine  
  129  8:54  Marauder  
  129  8:55  Barracks  
  130  8:56  Barracks  
  130  8:57  Barracks  
  130  9:00  Marauder  
  130  9:02  Terran Infantry Weapons Level 2  
  123  9:04  Terran Infantry Armor Level 2, Marine  
  123  9:09  Marauder  
  125  9:10  SCV x3  
  125  9:15  Marauder  
  130  9:20  Marine x2  
  130  9:22  Marauder  
  134  9:37  Viking x4  
  132  9:54  Barracks Tech Lab x3  
  132  10:01  Marine x2, Marauder x2  
  138  10:13  Viking x4  
  146  10:16  Supply Depot  
  146  10:18  Supply Depot  
  146  10:33  Marine x5, Marauder x5  
  161  10:43  Viking x4  
  169  10:59  Marine x6, Marauder x4  
  183  11:10  Planetary Fortress  
  183  11:18  Marauder  
  185  11:20  Viking x4  
  182  11:47  SCV x2  
  182  11:50  Viking x4  
  192  11:55  Marine x2  
  192  11:59  Sensor Tower  
  167  12:11  SCV  
  167  12:12  SCV  
  167  12:16  Factory Tech Lab  
  167  12:17  Marine x2  
  167  12:18  Marine x2, Marauder x3  
  167  12:20  Viking x4  
  183  12:23  Marauder x3  
  183  12:28  SCV x2  
  191  12:31  Terran Ship Weapons Level 1  
  191  12:45  Ghost x4  
  191  12:49  Terran Infantry Armor Level 3, Terran Infantry Weapons Level 3  
  199  12:56  Refinery  
  199  12:59  Command Center  
  199  13:04  Refinery  
  189  13:22  Missile Turret  
  139  13:35  Missile Turret  
  139  13:42  Marine x5, Marauder x4  
  139  13:43  Missile Turret, Marauder  
  139  13:45  Missile Turret  
  133  14:14  Marine  
  133  14:15  Marine x6, Marauder x3  
  118  14:31  Cyclone  
  118  14:32  Marine  
  118  14:33  Marauder  
  105  14:48  Marine x6, Marauder  
  105  14:49  Marauder  
  105  14:50  Marine  
  100  14:55  Marauder  
  93  15:06  Marine x5  
  93  15:07  Marauder  
  100  15:08  Marine  
Tags
 
Add a new tag
Caveats
  • Supply blocks, unpowered buildings, or Contaminate may cause inaccurate times.
  • Supply counts are checked every 10 seconds.